 Dungeon Crawl Stone Soup version 0.14-a0-3295-g3fd807f (webtiles) character file.

531 Herrn the Magician (level 6, -1/46 HPs)
             Began as a Demonspawn Transmuter on Mar 13, 2014.
             Killed from afar by a white imp (8 damage)
             ... with a puff of frost
             ... summoned by Natasha
             ... on Level 4 of the Dungeon on Mar 14, 2014.
             The game lasted 00:29:11 (4436 turns).

Herrn the Magician (Demonspawn Transmuter)          Turns: 4436, Time: 00:29:13

HP  -1/46        AC  8     Str 10      XL: 6   Next: 50%
MP  12/13        EV 12     Int 14      God:
Gold 142         SH  0     Dex 16      Spells:  2 memorised,  7 levels left

rFire  + + .     SeeInvis .       - Unarmed
rCold  . . .     Clarity  .     a - +3 leather armour {rF+}
rNeg   . . .     Conserve .     (no shield)
rPois  .         rCorr    .     (helmet restricted)
rElec  .         rRot     .     F - +0 cloak
SustAb . .       Spirit   .     g - +0 pair of gloves
rMut   .         Warding  .     (no boots)
Saprov . . .     Stasis   .     f - amulet of rage
MR     .....                    (no ring)
                                o - ring of protection from fire

@: appendage, slowed, very slow, not resistant to hostile enchantments, very
unstealthy
A: claws 1, hooves 2, horns 2, powered by pain 1
a: End Transformation, Evoke Berserk Rage


You were on level 4 of the Dungeon.
You were not hungry.
You had grown temporary horns.
You visited 1 branch of the dungeon, and saw 4 of its levels.

You collected 142 gold pieces.

Inventory:

Hand weapons
 y - a +4,+1 flail of protection
Missiles
 b - 12 arrows
Armour
 a - a +3 leather armour of fire resistance (worn)
 e - a +0 plate armour
 g - a +0 pair of gloves (worn)
 E - a +0 scale mail
 F - a +0 cloak (worn)
Magical devices
 q - a wand of digging (13)
 x - a wand of lightning (0)
 C - a wand of digging (10)
 D - a wand of confusion (10)
Comestibles
 j - a banana
 k - a royal jelly
 l - 14 strawberries
 r - 6 apples
 s - 2 pears
 t - an apricot
 v - 3 bread rations
 B - a meat ration
Scrolls
 m - 7 scrolls of remove curse
 n - 2 scrolls of teleportation {unknown}
 p - a scroll of enchant weapon II {unknown}
 w - a scroll of blinking {unknown}
 A - a scroll of identify {unknown}
 G - a scroll of fog {unknown}
Jewellery
 f - an amulet of rage (around neck)
 o - a ring of protection from fire (left hand)
Potions
 c - 3 potions of heal wounds {unknown}
 u - a potion of mutation {unknown}
 z - a potion of might {unknown}
Books
 d - a book of Changes

   Spells                             Type                      Level
   *Beastly Appendage                 Transmutation                1
   Sticks to Snakes                   Transmutation                2
   *Spider Form                       Transmutation/Poison         3
   Ice Form                           Ice/Transmutation            4
   Blade Hands                        Transmutation                5


   Skills:
 * Level 2.4 Fighting
 + Level 1.8 Armour
 + Level 3.3 Dodging
 + Level 3.2 Unarmed Combat
 + Level 3.3 Spellcasting
 + Level 2.5 Transmutations
 + Level 0.6 Poison Magic
 - Level 2.1 Evocations


You had 7 spell levels left.
You knew the following spells:

 Your Spells              Type           Power        Failure   Level  Hunger
a - Beastly Appendage     Trmt           #.....       10%         1    #......
b - Spider Form           Trmt/Pois      #.........   38%         3    ###....


Dungeon Overview and Level Annotations

Branches:
Dungeon (4/15)
 Temple: D:4-7

Altars:
Fedhas

Annotations:
D:4 Natasha


Innate Abilities, Weirdness & Mutations

You have sharp fingernails.*
You have hoof-like feet.*
You sometimes gain a little power by taking damage.
You have a pair of horns on your head.*


Message History

* * * LOW HITPOINT WARNING * * *
Natasha claws you.
* * * LOW HITPOINT WARNING * * *
The white imp barely misses you.
Zapping:
x - a wand of lightning {zapped: 1}
Press: ? - help, Shift-Dir - straight line, f - Natasha
Aim: Natasha (severely wounded) Nothing appears to happen.
Natasha stares at you and mumbles some strange words.
The magic dart hits you!
* * * LOW HITPOINT WARNING * * *
The white imp barely misses you. Natasha closely misses you.
Casting: Beastly Appendage
Confirm with . or Enter, or press ? or * to list all spells.
You grow a pair of large bovine horns.
The white imp misses you. Natasha stares at you.
You feel disoriented.
Natasha mumbles some strange words.
The white imp gestures at you. The puff of frost hits you!
You die...

#.....# #.....# #.....#######
#............
###################.....######.
#.......(....[.................
#.......######..)).............
#.......# #h###########.....
#.......# ####@###### .....
.##.......###....5....# ..=..
...........)..........# ##..%
#######.#####.(.......# ?..
#.############### ..
#.#........########.## .
#.#..........<.......#
#.#........###########
#.#........# ♣♣♣♣♣


You could see Natasha and a white imp.

Vanquished Creatures
  The ghost of 4tharraofdagon the Firebug, a weakling DsFE (D:4)
  Dowan (D:4)
  Crazy Yiuf (D:4)
  An orc wizard (D:3)
  2 worker ants (D:4)
  Ijyb (D:2)
  Jessica (D:2)
  Terence (D:3)
  7 adders
  A giant mite (D:1)
  A giant eyeball (D:4)
  2 giant geckos
  An ooze (D:1)
  11 orcs (D:3)
  A ball python (D:3)
  7 bats
  A giant cockroach (D:4)
  9 goblins
  12 hobgoblins
  9 jackals
  11 kobolds
  2 giant newts (D:1)
  9 rats
93 creatures vanquished.

Notes
Turn   | Place    | Note
--------------------------------------------------------------
     0 | D:1      | Herrn, the Demonspawn Transmuter, began the quest for the Orb.
     0 | D:1      | Reached XP level 1. HP: 15/15 MP: 3/3
   285 | D:1      | Lost mutation: You have claws for feet. [demonic ancestry]
   285 | D:1      | Lost mutation: You have razor-sharp toenails. [demonic ancestry]
   285 | D:1      | Lost mutation: You have sharp toenails. [demonic ancestry]
   285 | D:1      | Gained mutation: You have large cloven feet. [demonic ancestry]
   285 | D:1      | Reached XP level 2. HP: 21/21 MP: 2/4
  1024 | D:1      | Gained mutation: You have sharp fingernails. [demonic ancestry]
  1024 | D:1      | Reached XP level 3. HP: 22/26 MP: 6/6
  1261 | D:1      | Upgraded the game from 0.14-a0-3278-gb24e923 to 0.14-a0-3294-g830ee6c
  1443 | D:2      | Reached skill level 1 in Armour
  1853 | D:2      | Noticed Jessica
  1858 | D:2      | Killed Jessica
  1948 | D:2      | Noticed Ijyb
  1973 | D:2      | Killed Ijyb
  1973 | D:2      | Gained mutation: You sometimes gain a little power by taking damage. [demonic ancestry]
  1973 | D:2      | Reached XP level 4. HP: 26/33 MP: 6/8
  2480 | D:3      | Found a blossoming altar of Fedhas.
  2532 | D:3      | Reached skill level 1 in Evocations
  2547 | D:3      | Reached skill level 3 in Unarmed Combat
  2547 | D:3      | Reached XP level 5. HP: 9/38 MP: 9/9
  2800 | D:3      | Upgraded the game from 0.14-a0-3294-g830ee6c to 0.14-a0-3295-g3fd807f
  3506 | D:3      | Noticed Terence
  3514 | D:3      | Killed Terence
  3687 | D:3      | Learned a level 3 spell: Spider Form
  3688 | D:4      | Noticed 4tharraofdagon's ghost (weakling DsFE)
  3710 | D:4      | Killed 4tharraofdagon's ghost
  3710 | D:4      | Gained mutation: You have hoof-like feet. [demonic ancestry]
  3710 | D:4      | Reached XP level 6. HP: 26/45 MP: 7/13
  3955 | D:4      | Paralysed by a giant eyeball for 3 turns
  3961 | D:4      | Paralysed by a giant eyeball for 3 turns
  3968 | D:4      | Paralysed by a giant eyeball for 4 turns
  4103 | D:4      | Noticed Crazy Yiuf
  4113 | D:4      | Killed Crazy Yiuf
  4274 | D:4      | Noticed Dowan
  4303 | D:4      | Killed Dowan
  4409 | D:4      | Noticed Natasha
  4436 | D:4      | Killed from afar by a white imp

Action                   |  1- 3 |  4- 6 || total
-------------------------+-------+-------++-------
Melee: Unarmed           |   158 |   185 ||   343
 Cast: Beastly Appendage |    15 |    30 ||    45
       Spider Form       |       |     4 ||     4
 Abil: Evoke Berserk Rag |     1 |     3 ||     4
Evoke: Wand              |     1 |     2 ||     3
  Use: Scroll            |     1 |     3 ||     4
       Potion            |       |     2 ||     2
 Stab: Invisible         |       |     1 ||     1
